 Dungeon Sprint DCSS version 0.31-a0-331-geda263fcf1 (webtiles) character file.

Game seed: 14384659362562717886

2475 dialectric the Imperceptible (level 9, -15/47 HPs)
             Began as a Spriggan Brigand on July 19, 2023.
             Was a Believer of Dithmenos.
             Demolished by a deep troll (25 damage)
             ... while paralysed by a floating eye
             ... in the Dungeon (Sprint I: "Red Sonja").
             The game lasted 00:01:39 (225 turns).

dialectric the Imperceptible (Spriggan Brigand)      Turns: 225, Time: 00:01:39

Health: -15/47     AC:  2    Str:  5 (7)  XL:     9   Next: 27%
Magic:  10/10      EV:  4    Int: 12      God:    Dithmenos [**....]
Gold:   519        SH:  0    Dex: 20 (21) Spells: 8/8 levels left

rFire   . . .        m - +2 dagger (venom)
rCold   . . .        (no shield)
rNeg    . . .        b - +0 robe
rPois   +            (helmet restricted)
rElec   .            c - +0 cloak
rCorr   .            (gloves unavailable)
SInv    +            (boots unavailable)
Will    +....        (no amulet) Stlth ***+++++++
                     (no ring)
HPRegen 0.00/turn    (no ring)
MPRegen 0.12/turn

%: no teleportation
@: paralysed, inhibited regen, wreathed by umbra, very quick
A: very small, no large weapons, unfitting armour, see invisible, speed 3,
deformed body, deterioration 1, poison resistance, inhibited regeneration
a: Renounce Religion, Shadow Step


You were in the Dungeon.
You worshipped Dithmenos.
Dithmenos was pleased with you.
You visited 1 branch You collected 519 gold pieces.

Inventory:

Hand Weapons
 a - a +2 dagger
 m - a +2 dagger of venom (weapon)
Missiles
 d - 9 poisoned darts
 l - 7 curare-tipped darts (quivered)
Armour
 b - a +0 robe (worn)
 c - a +0 cloak (worn)
Wands
 e - a wand of flame (21)
Scrolls
 k - a scroll of blinking
 n - a scroll of identify {unknown}
Potions
 f - a potion of curing
 g - a potion of heal wounds
 h - a potion of haste
 i - 2 potions of magic
 j - a potion of berserk rage


   Skills:
 + Level 5.6 Fighting
 + Level 7.9 Short Blades
 - Level 3.6 Throwing
 + Level 5.2 Dodging
 + Level 26.9 Stealth


You had 8 spell levels left.
You didn't know any spells.
Your spell library was empty.

Dungeon Overview and Level Annotations

Branches:
Dungeon (1/1)

Altars:
Cheibriados
Dithmenos
Elyvilon
Fedhas
Gozag
Hepliaklqana
Kikubaaqudgha
Makhleb
Nemelex Xobeh
Okawaru
Qazlal
Ru
Sif Muna
Trog
Uskayaw
Vehumet
Wu Jian
Xom
Yredelemnul
Zin
The Shining One
Jiyva
Lugonu

Shops:
D :!


Innate Abilities, Weirdness & Mutations

You are very small and have problems with some larger weapons.
You are too small for most types of armour.
You have supernaturally acute eyesight. (SInv)
You cover ground extremely quickly. (Speed+++)
Armour fits poorly on your strangely shaped body.
Your body sometimes deteriorates upon taking damage.
Your system is resistant to poisons. (rPois)
You do not regenerate when monsters are visible.


Message History

The quasit completely misses you. The shining eye gazes at you.
Strange energies course through your body.
You feel yourself wasting away.
Unknown command.
The helpless floating eye fails to defend itself.
You skewer the floating eye like a kebab!!!!!
You kill the floating eye!
Dithmenos accepts your kill.
You can now step into the shadows of nearby creatures.
The quasit bites you but does no damage.
The quasit barely misses you. The quasit misses you.
The shining eye gazes at you.
Strange energies course through your body.
Your regeneration stops near monsters.
The helpless shining eye fails to defend itself.
You skewer the shining eye like a kebab!!!!!
You kill the shining eye!
Dithmenos accepts your kill.
Your Dodging skill increases to level 5!
Your Stealth skill increases to level 26!
Unknown command.
The floating eye turns its gaze towards you.
The quasit closely misses you. The quasit misses you. The quasit claws you.
You feel clumsy.
You hit the shining eye.
The shining eye is poisoned.
The shining eye is lightly wounded.
The quasit disappears in a puff of smoke!
The deep troll bites you!!
Ouch! That really hurt!
Your body deteriorates!
You feel weakened. The deep troll misses you. The deep troll claws you!
* * * LOW HITPOINT WARNING * * *
Your body deteriorates!
You feel weakened. The floating eye seems to glare at you.
The floating eye turns its gaze towards you.
The floating eye gazes piercingly through you!
You suddenly lose the ability to move!
The deep troll bites you!!
Ouch! That really hurt!
You die...

####_..__##_.#'#
#_____###'#.#
############.####+#
#∩........'...'$$.$
###''''####...#####
#.......####.##
#.......G# #+#
#.T#G....#
#.@GG....#
#..G.G#..#
#....G...#
#..#.....#
#........#
###++++###


You could see 5 shining eyes, a deep troll and 2 floating eyes.

Vanquished Creatures
  Sonja (D)
  3 shining eyes (D)
  Sigmund (D)
  A slime creature (D)
  A yak (D)
  2 floating eyes (D)
  An ogre (D)
  A jelly (D)
  Ijyb (D)
12 creatures vanquished.

Notes
Turn   | Place    | Note
-------+----------+-------------------------------------------
     0 | D        | dialectric the Spriggan Brigand began the quest for the
                  | Orb.
     0 | D        | Reached XP level 1. HP: 10/10 MP: 2/2
     2 | D        | Noticed Ijyb
    14 | D        | Killed Ijyb
    15 | D        | Reached skill level 9 in Stealth
    15 | D        | Reached XP level 2. HP: 15/15 MP: 3/3
    29 | D        | Noticed an ogre
    31 | D        | Killed an ogre
    32 | D        | Reached skill level 12 in Stealth
    32 | D        | Reached XP level 3. HP: 19/19 MP: 4/4
    32 | D        | Reached XP level 4. HP: 23/23 MP: 5/5
    43 | D        | Noticed Sigmund
    45 | D        | Killed Sigmund
    46 | D        | Reached skill level 16 in Stealth
    46 | D        | Reached XP level 5. HP: 28/28 MP: 6/6
    46 | D        | Reached XP level 6. HP: 32/32 MP: 7/7
    58 | D        | Found a shimmering blue altar of Sif Muna.
    59 | D        | Found an ornate altar of the Wu Jian Council.
    60 | D        | Found a radiant altar of Vehumet.
    65 | D        | Reached skill level 17 in Stealth
    66 | D        | Found Ceopyq's Distillery.
    66 | D        | Found an ancient bone altar of Kikubaaqudgha.
    66 | D        | Found a hazy altar of Hepliaklqana.
    66 | D        | Found a stormy altar of Qazlal.
    66 | D        | Found a hide-covered altar of Uskayaw.
    66 | D        | Found a blossoming altar of Fedhas.
    66 | D        | Found a bloodstained altar of Trog.
    66 | D        | Found an iron altar of Okawaru.
    66 | D        | Found a basalt altar of Yredelemnul.
    66 | D        | Found a glowing golden altar of the Shining One.
    66 | D        | Found a snail-covered altar of Cheibriados.
    66 | D        | Found a sacrificial altar of Ru.
    66 | D        | Found a glowing silver altar of Zin.
    66 | D        | Found a shadowy altar of Dithmenos.
    66 | D        | Found a white marble altar of Elyvilon.
    66 | D        | Noticed a yak
    67 | D        | Found an opulent altar of Gozag.
    68 | D        | Killed a yak
    69 | D        | Reached skill level 5 in Short Blades
    69 | D        | Reached skill level 19 in Stealth
    69 | D        | Found a sparkling altar of Nemelex Xobeh.
    75 | D        | Became a worshipper of Dithmenos the Shadowed
    98 | D        | Noticed Sonja
   102 | D        | Killed Sonja
   103 | D        | Reached skill level 22 in Stealth
   103 | D        | Reached XP level 7. HP: 38/38 MP: 8/8
   123 | D        | Found Inozxas's Book Boutique.
   160 | D        | Found a burning altar of Makhleb.
   160 | D        | Found a shimmering altar of Xom.
   160 | D        | Noticed a slime creature
   161 | D        | Found a viscous altar of Jiyva.
   161 | D        | Found a corrupted altar of Lugonu.
   163 | D        | Killed a slime creature
   164 | D        | Reached skill level 23 in Stealth
   164 | D        | Reached XP level 8. HP: 42/42 MP: 9/9
   176 | D        | Noticed a kobold demonologist
   177 | D        | Noticed a kobold demonologist
   197 | D        | Noticed a deep troll
   210 | D        | Noticed a shining eye
   210 | D        | Noticed a shining eye
   210 | D        | Noticed a shining eye
   210 | D        | Noticed a shining eye
   210 | D        | Noticed a shining eye
   210 | D        | Noticed a shining eye
   212 | D        | Reached * piety under Dithmenos
   212 | D        | Gained mutation: Your system is resistant to poisons.
                  | (rPois) [a shining eye]
   213 | D        | Reached skill level 5 in Fighting
   213 | D        | Noticed a shining eye
   213 | D        | Noticed a shining eye
   214 | D        | Killed a shining eye
   215 | D        | Reached skill level 24 in Stealth
   217 | D        | Killed a shining eye
   217 | D        | Gained mutation: Armour fits poorly on your strangely
                  | shaped body. [a shining eye]
   218 | D        | Reached skill level 25 in Stealth
   218 | D        | Reached XP level 9. HP: 45/47 MP: 10/10
   218 | D        | Gained mutation: Your body sometimes deteriorates upon
                  | taking damage. [a shining eye]
   220 | D        | Reached ** piety under Dithmenos
   220 | D        | Gained mutation: You do not regenerate when monsters are
                  | visible. [a shining eye]
   222 | D        | Killed a shining eye
   223 | D        | Reached skill level 5 in Dodging
   223 | D        | Reached skill level 26 in Stealth
   225 | D        | Paralysed by a floating eye for 3 turns
   225 | D        | Demolished by a deep troll

Illustrated notes

Levels and vault maps discovered:
D:        dungeon_sprint_1 [red_sonja_temple_1, red_sonja_temple_small_1]

Skill      XL: |  1  2  3  4  5  6  7  8  9 |
---------------+----------------------------+-----
Fighting       | 2 3 4 5 |  5.6
Stealth        | 9 12 16 22 23 25 26 | 26.9
Short Blades   | 3 4 6 7 |  7.9
Throwing       | 3 |  3.6
Dodging        | 2 3 4 5 |  5.2

Action                     |  1- 3 |  4- 6 |  7- 9 || total
---------------------------+-------+-------+-------++-------
  Melee: Dagger            |     2 |     4 |     7 ||    13
  Throw: Dart              |     4 |       |     1 ||     5
   Stab: Sleeping          |     1 |     4 |     6 ||    11
 Armour: Robe              |       |       |     3 ||     3
  Dodge: Dodged            |     2 |       |    20 ||    22

Table legend: (Time is in decaauts)
 A = Elapsed time spent in this place.
 B = Non-inter-level travel time spent in this place.
 C = Inter-level travel time spent in this place.
 D = Time resting spent in this place.
 E = Time spent auto-exploring this place.
 F = Levels seen in this place.
 G = Mean time per level.
                   A        B        C        D        E       F      G
               +--------+--------+--------+--------+--------+-----+--------+
         Total |    157 |    157 |      0 |      0 |      0 |   1 |  157.0 |
       Dungeon |    157 |    157 |      0 |      0 |      0 |   1 |  157.0 |
               +--------+--------+--------+--------+--------+-----+--------+

Top non-repeatable levels by time:
       D: 157 daAuts
